 Dungeon Crawl Stone Soup version 0.20-a0-870-g4070442 (webtiles) character file.

385 graki42 the Magician (level 6, -3/33 HPs)
             Began as a Deep Elf Fire Elementalist on Mar 13, 2017.
             Killed by divine providence
             ... invoked by an orc priest
              (15 damage)
             ... on level 4 of the Dungeon.
             The game lasted 00:09:53 (3606 turns).

graki42 the Magician (Deep Elf Fire Elementalist)   Turns: 3606, Time: 00:09:54

Health: -3/33      AC:  3    Str:  7    XL:     6   Next: 48%
Magic:  11/16      EV: 13    Int: 20    God:
Gold:   233        SH:  0    Dex: 15    Spells: 5/16 levels left

rFire    . . .     SeeInvis .   n - +0 rapier
rCold    + . .     Gourm    +   a - +0 robe
rNeg     . . .     Faith    .   (no shield)
rPois    .         Spirit   .   d - +0 helmet
rElec    .         Reflect  .   (no cloak)
rCorr    .         Harm     .   (no gloves)
MR       .....                  (no boots)
Stlth    ++........             g - amulet of the gourmand
Regen    0.2/turn               (no ring)
MPRegen  0.2/turn               r - ring of protection from cold

@: very slightly contaminated
A: no striking features
a: no special abilities


You were on level 4 of the Dungeon.
You were very full.

You visited 1 branch of the dungeon, and saw 4 of its levels.

You collected 233 gold pieces.

Inventory:

Hand Weapons
 n - a +0 rapier (weapon)
Armour
 a - a +0 robe (worn)
 d - a +0 helmet (worn)
 u - the +3 ring mail of the Ward {rPois rC- MR+, unknown}
   (You found it on level 4 of the Dungeon)

   It makes you vulnerable to cold.
   It protects you from poison.
   It affects your resistance to hostile enchantments.
Jewellery
 g - an amulet of the gourmand (around neck)
 r - a ring of protection from cold (left hand)
 v - an uncursed ring of ice
Wands
 t - a wand of flame (23/48)
Scrolls
 f - 2 scrolls of fog {unknown}
 h - a scroll of enchant armour {unknown}
 j - a scroll of random uselessness {unknown}
 k - a scroll of amnesia {unknown}
 l - a scroll of magic mapping {unknown}
 m - a scroll of recharging {unknown}
 o - 6 scrolls of identify {unknown}
 p - 2 scrolls of fear {unknown}
 q - 2 scrolls of remove curse {unknown}
 w - a scroll of enchant weapon {unknown}
 x - a scroll of teleportation {unknown}
Potions
 e - 3 potions of flight {unknown}
 i - 2 potions of degeneration {unknown}
 z - 2 potions of might {unknown}
Books
 b - a book of Flames

   Spells                             Type                      Level
   a - Flame Tongue                   Conjuration/Fire             1
   b - Throw Flame                    Conjuration/Fire             2
   c - Conjure Flame                  Conjuration/Fire             3
   d - Inner Flame                    Hexes/Fire                   3
   e - Sticky Flame                   Conjuration/Fire             4
   f - Fireball                       Conjuration/Fire             5
Comestibles
 c - 3 bread rations
 s - a meat ration


   Skills:
 + Level 0.4 Fighting
 + Level 0.4 Short Blades
 + Level 3.1 Dodging
 + Level 2.9 Stealth
 + Level 5.6 Spellcasting
 + Level 3.5 Conjurations
 + Level 0.6 Hexes
 + Level 5.2 Fire Magic


You had 5 spell levels left.
You knew the following spells:

 Your Spells              Type           Power        Failure   Level  Hunger
a - Flame Tongue          Conj/Fire      ###..        1%          1    None
b - Conjure Flame         Conj/Fire      ###.....     8%          3    ##.....
c - Inner Flame           Hex/Fire       ###.....     12%         3    ##.....
d - Sticky Flame          Conj/Fire      ###.....     21%         4    ####...


Dungeon Overview and Level Annotations

Branches:
Dungeon (4/15)
 Temple: D:4-7

Altars:
Ashenzari
Cheibriados
Nemelex Xobeh
Trog
Wu Jian


Message History

You miscast Flame Tongue.
You are very lightly contaminated with residual magic.
You feel a strange surge of energy!
Casting: Flame Tongue
Confirm with . or Enter, or press ? or * to list all spells.
Aiming: Flame Tongue
Press: ? - help, Shift-Dir - straight line, f/p - orc priest
Aim: an orc priest, wielding a flail of venom and wearing a ring mail (heavily wounded)
The flame tongue hits the orc priest.
The orc priest is severely wounded.
Casting: Flame Tongue
Confirm with . or Enter, or press ? or * to list all spells.
Aiming: Flame Tongue
Press: ? - help, Shift-Dir - straight line, f/p - orc priest
Aim: an orc priest, wielding a flail of venom and wearing a ring mail (severely wounded)
The flame tongue hits the orc.
You kill the orc!
The orc priest calls down the wrath of Beogh upon you.
Beogh smites you!
You die...

....######.....# #...### #..#
.....# #..##..# ##....####...
.....# #..# ..# ##..#....##...
......# #..# #..# #....###....##
.#..#..# #..# .####''#######..#
##..##...#..# ##........####..##
##.........# ##..........##.....
#..........##............##.#..
.### #...##..@...........##### .#
#..##..).............## # ..
##..#...o..............### ..#
#..##.o................#..
.....###..##.......♣..♣.......#.#
.. #.......'........##........'.#
.. #..#....'.(......##........'.#
.# #.......#.......♣..♣.......###
.# #......#..................#..


You could see 2 orc priests.

Vanquished Creatures
  An ogre (D:4)
  A scorpion (D:4)
  A hound (D:4)
  An orc priest (D:3)
  2 worker ants (D:4)
  3 gnolls (D:3)
  4 adders
  4 worms
  2 dart slugs
  2 leopard geckos
  8 orcs
  2 giant cockroaches
  2 goblins
  4 hobgoblins
  4 kobolds
  4 quokkas
  5 bats
  2 frilled lizards
  4 rats
56 creatures vanquished.

Notes
Turn   | Place    | Note
-------+----------+-------------------------------------------
     0 | D:1      | graki42 the Deep Elf Fire Elementalist began the quest for the Orb.
     0 | D:1      | Reached XP level 1. HP: 10/10 MP: 6/6
   339 | D:1      | Reached XP level 2. HP: 13/15 MP: 0/8
   967 | D:2      | Reached XP level 3. HP: 17/19 MP: 2/10
   975 | D:2      | Learned a level 3 spell: Conjure Flame
   979 | D:2      | Learned a level 3 spell: Inner Flame
  1497 | D:3      | Reached XP level 4. HP: 22/24 MP: 0/12
  1736 | D:3      | Found a snail-covered altar of Cheibriados.
  2035 | D:3      | Reached XP level 5. HP: 19/28 MP: 1/13
  2204 | D:3      | Found a shattered altar of Ashenzari.
  2360 | D:3      | Learned a level 4 spell: Sticky Flame
  2812 | D:4      | Reached skill level 5 in Spellcasting
  2822 | D:4      | Got a dazzling ring mail
  2961 | D:4      | Noticed an ogre
  2971 | D:4      | Killed an ogre
  2971 | D:4      | Reached XP level 6. HP: 14/32 MP: 4/16
  3106 | D:4      | Found a sparkling altar of Nemelex Xobeh.
  3110 | D:4      | Found a bloodstained altar of Trog.
  3167 | D:4      | Reached skill level 5 in Fire Magic
  3364 | D:4      | Found an ornate altar of the Wu Jian Council.
  3606 | D:4      | Killed from afar by an orc priest

Vault maps used:
D:1:      dpeg_arrival_ternary
D:2:      minmay_misc_feat_plants
D:3:      lemuel_doored_altar, serial_bayou_pond_c, cheibriados_altar_1
D:4:      kennysheep_big_flooded_room, old_standard_altar,
          grunt_temple_overflow_open

Skill      XL: |  1  2  3  4  5  6 |
---------------+-------------------+-----
Fire Magic     | 4 5 |  5.2
Spellcasting   | 4 5 |  5.6
Conjurations   | 2 3 |  3.5
Dodging        | 3 |  3.1
Fighting       | |  0.4
Short Blades   | |  0.4
Stealth        | |  2.9
Hexes          | |  0.6

Action                   |  1- 3 |  4- 6 || total
-------------------------+-------+-------++-------
Melee: Rapier            |       |     4 ||     4
 Cast: Flame Tongue      |    51 |    79 ||   130
       Inner Flame       |     1 |     3 ||     4
       Conjure Flame     |     1 |     2 ||     3
       Sticky Flame      |       |     4 ||     4
 Stab: Sleeping          |       |     1 ||     1
  Eat: Chunk             |    12 |     7 ||    19
Armor: Robe              |     2 |     5 ||     7
Dodge: Dodged            |    14 |    22 ||    36
